 Dungeon Crawl Stone Soup version 0.27-a0-1191-g601b473118 (webtiles) character file.

Game seed: 2400726034561978994

15 Vomitron the Stinger (level 2, 0/17 HPs)
             Began as an Octopode Venom Mage on May 25, 2021.
             Frozen to death by an endoplasm (5 damage)
             ... on level 1 of the Dungeon.
             The game lasted 00:00:35 (532 turns).

Vomitron the Stinger (Octopode Venom Mage)           Turns: 532, Time: 00:00:35

Health: 0/17       AC:  1    Str:  7    XL:     2   Next: 50%
Magic:  3/5        EV: 13    Int: 17    God:
Gold:   41         SH:  0    Dex: 12    Spells: 4/5 levels left

rFire    . . .     SeeInvis .   (no weapon)
rCold    . . .     Faith    .   (no shield)
rNeg     . . .     Spirit   .   (helmet restricted)
rPois    .         Reflect  .   (no amulet)
rElec    .         Harm     .   (no ring)
rCorr    .         Rampage  .   (no ring)
Will     .....                  (no ring)
Stlth    +++.......             (no ring)
HPRegen  0.05/turn              (no ring)
MPRegen  0.09/turn              (no ring)
                                (no ring)
                                (no ring)

@: no status effects
A: almost no armour, amphibious, 8 rings, camouflage 1, gelatinous body 1,
(nimble swimmer 1), tentacles
a: no special abilities


You were on level 1 of the Dungeon.
You visited 1 branch of the dungeon, and saw 1 of its levels.

You collected 41 gold pieces.

Inventory:

Scrolls
 b - a scroll of enchant weapon {unknown}
Potions
 a - a potion of degeneration {unknown}


   Skills:
 - Level 2.0 Dodging
 + Level 3.1 Stealth
 + Level 2.2 Spellcasting
 - Level 1.0 Transmutations
 * Level 4.1 Poison Magic


You had 4 spell levels left.
You knew the following spells:

 Your Spells              Type           Power      Damage    Failure   Level
a - Sting                 Tmut/Pois      40%        1d5       7%          1

Your spell library contained the following spells:

 Spells                   Type           Power      Damage    Failure   Level
 Poisonous Vapours        Pois/Air       18%        N/A       12%         2
 Ignite Poison            Fire/Tmut/Pois 7%         N/A       28%         3
 Mephitic Cloud           Conj/Pois/Air  6%         N/A       32%         3
 Olgreb's Toxic Radiance  Pois           16%        N/A       34%         4


Dungeon Overview and Level Annotations

Branches:
Dungeon (1/15)

Altars:


Innate Abilities, Weirdness & Mutations

You cannot wear most types of armour.
You are amphibious.
You can wear up to eight rings at the same time.
Your skin changes colour to match your surroundings (Stealth+).
Your rubbery body absorbs attacks. (AC +1, EV +1)
((You are camouflaged near water. (Stealth+)))
You have tentacles for arms and can constrict up to eight enemies at once.


Message History

There are monsters nearby!
The endoplasm quivers.
Found a dark potion.
Found a grey potion.
Casting: Sting (safe; 7% risk of failure)
Confirm with . or Enter, or press ? or * to list all spells.
Aiming: Sting (safe; 7% risk of failure)
Press: ? - help, Shift-Dir - straight line, f - endoplasm
Aim: an endoplasm (98% to hit)
The sting hits the endoplasm.
The endoplasm partially resists.
The endoplasm is lightly wounded.
Unknown command.
Unknown command.
You tentacle-slap the endoplasm. You squeeze the endoplasm.
You kill the endoplasm!
The endoplasm freezes you.
You are frozen.
You tentacle-slap the endoplasm but do no damage.
The endoplasm freezes you.
You are frozen.
You tentacle-slap the endoplasm.
The endoplasm is moderately wounded.
The endoplasm hits you.
You tentacle-slap the endoplasm but do no damage.
The endoplasm is moderately wounded.
The endoplasm freezes you.
You are frozen.
* * * LOW HITPOINT WARNING * * *
You barely miss the endoplasm.
The endoplasm is moderately wounded.
The endoplasm misses you.
Casting: Sting (safe; 7% risk of failure)
Confirm with . or Enter, or press ? or * to list all spells.
Aiming: Sting (safe; 7% risk of failure)
Press: ? - help, Shift-Dir - straight line, f - endoplasm
Aim: an endoplasm (moderately wounded, 98% to hit)
The sting misses the endoplasm.
The endoplasm freezes you.
You are frozen.
You die...

########........
.................+ ....
###..............##....
#.....†..........!...
###....)...............
....................!..
###....................
#####................
#........@J...# #####
#.............# ....#
#.............# .#.##
#........##...... ....#
####.....# ...... #.###
####### ...... .##
..... ## .....


You could see an endoplasm.

Vanquished Creatures
  2 dart slugs (D:1)
  An endoplasm (D:1)
  A giant cockroach (D:1)
  2 jackals (D:1)
  A quokka (D:1)
  3 ball pythons (D:1)
  A kobold (D:1)
11 creatures vanquished.

Notes
Turn   | Place    | Note
-------+----------+-------------------------------------------
     0 | D:1      | Vomitron the Octopode Venom Mage began the quest for the
                  | Orb.
     0 | D:1      | Reached XP level 1. HP: 11/11 MP: 3/3
   166 | D:1      | Reached skill level 4 in Poison Magic
   166 | D:1      | Reached XP level 2. HP: 15/17 MP: 5/5
   532 | D:1      | Frozen to death by an endoplasm

Illustrated notes

Levels and vault maps discovered:
D:1:      lemuel_arrival_tunnels, layout_basic

Skill      XL: |  1 |
---------------+----+-----
Stealth        | 3 |  3.1
Poison Magic   | 4 |  4.1
Dodging        | |  2.0
Spellcasting   | |  2.2
Transmutations | |  1.0

Action                   || total
-------------------------++-------
Melee: Unarmed           ||    36
       Tentacles         ||     9
       Constrict         ||     8
 Cast: Sting             ||     4
 Stab: Sleeping          ||     4
Armor: Skin              ||     1
Dodge: Dodged            ||    19

Table legend: (Time is in decaauts)
 A = Elapsed time spent in this place.
 B = Non-inter-level travel time spent in this place.
 C = Inter-level travel time spent in this place.
 D = Time resting spent in this place.
 E = Time spent auto-exploring this place.
 F = Levels seen in this place.
 G = Mean time per level.
                   A        B        C        D        E       F      G
               +--------+--------+--------+--------+--------+-----+--------+
         Total |    532 |    532 |      0 |    181 |    270 |   1 |  532.0 |
       Dungeon |    532 |    532 |      0 |    181 |    270 |   1 |  532.0 |
               +--------+--------+--------+--------+--------+-----+--------+

Top non-repeatable levels by time:
     D:1: 532 daAuts
